 Dungeon Crawl Stone Soup version 0.31.0-11-ge490571c62 (webtiles) character file.

Game seed: 14375285148824186371

112 Bravepunisher the Ducker (level 4, -4/24 HPs)
             Began as a Spriggan Monk on Jan 29, 2024.
             Was a Believer of Makhleb.
             Slain by an orc priest
             ... wielding a +0 falchion
              (6 damage)
             ... on level 3 of the Dungeon.
             The game lasted 00:07:48 (2651 turns).

Bravepunisher the Ducker (Spriggan Monk)            Turns: 2651, Time: 00:07:48

Health: -4/24      AC:  2    Str:  7    XL:     4   Next: 63%
Magic:  6/6        EV: 20    Int: 11    God:    Makhleb [**....]
Gold:   165        SH:  0    Dex: 19    Spells: 3/3 levels left

rFire   . . .        a - +0 short sword
rCold   . . .        (no shield)
rNeg    . . .        b - +0 robe
rPois   .            (helmet restricted)
rElec   .            (no cloak)
rCorr   .            (gloves unavailable)
SInv    +            (boots unavailable)
Will    .....        (no amulet)
Stlth   ++           (no ring)
HPRegen 0.24/turn    (no ring)
MPRegen 0.10/turn

%: no passive effects
@: brilliant, attractive, very quick
A: very small, no large weapons, unfitting armour, see invisible, speed 3
a: Renounce Religion, Minor Destruction


You were on level 3 of the Dungeon.
You worshipped Makhleb.
Makhleb was pleased with you.
You visited 1 branch of the dungeon, and saw 5 of its levels.

You collected 165 gold pieces.

Inventory:

Hand Weapons
 a - a +0 short sword (weapon)
Armour
 b - a +0 robe (worn)
Scrolls
 f - a scroll of revelation {unknown}
 g - 2 scrolls of vulnerability {unknown}
 h - 2 scrolls of teleportation {unknown}
 i - a scroll of noise {unknown}
 j - a scroll of immolation {unknown}


   Skills:
 + Level 3.3 Fighting
 - Level 3.2 Short Blades
 - Level 5.0 Dodging
 * Level 2.5 Invocations


You had 3 spell levels left.
You didn't know any spells.
Your spell library was empty.

Dungeon Overview and Level Annotations

Branches:
Dungeon (5/15)
 Temple: D:4-7

Altars:
Makhleb

Shops:
D:2 (   D:3 !


Innate Abilities, Weirdness & Mutations

You are very small and have problems with some larger weapons.
You are too small for most types of armour.
You have supernaturally acute eyesight. (SInv)
You cover ground extremely quickly. (Speed+++)


Message History

Aiming: Minor Destruction (7% risk of failure)
Press: ? - help, Shift-Dir - straight line, f/p - orc priest
Aim: an orc priest, wielding a +0 falchion and wearing a +0 ring mail (heavily wounded)
The puff of flame hits the orc priest.
The orc priest is severely wounded.
The orc priest closely misses you.
Aiming: Minor Destruction (7% risk of failure)
Press: ? - help, Shift-Dir - straight line, f/p - orc priest
Aim: an orc priest, wielding a +0 falchion and wearing a +0 ring mail (severely wounded)
The stone arrow hits the orc priest.
The orc priest is almost dead.
The orc priest calls down the wrath of Beogh upon you.
Beogh smites you!
Ouch! That really hurt!
* * * LOW HITPOINT WARNING * * *
You don't have enough health at the moment.
Unknown command.
Unknown command.
You are confused.
You feel invigorated.
The orc priest hits you but does no damage.
You hit the orc priest but do no damage.
The orc priest is almost dead.
The orc priest miscasts a cantrip.
You bump into the rock wall.
You feel less invigorated.
You feel less confused.
The orc priest invokes the aid of Beogh against you.
Beogh smites you!
* * * LOW HITPOINT WARNING * * *
You hit the orc priest.
The orc priest is almost dead.
The orc priest hits you with a +0 falchion.
* * * LOW HITPOINT WARNING * * *
It was a potion of brilliance.
You feel clever all of a sudden. The orc priest closely misses you.
It was a potion of attraction.
You feel attractive to monsters.
The orc priest hits you with a +0 falchion.
You die...

#'##### #.. #.#
... #.### #)#
#...############)#
#.#.#..........#.#
#.#.....######.#.#
##############.#.#
...............#o#
################@#
#.# #.#
################.#
.................#
##################


You could see an orc priest.

Vanquished Creatures
  4 gnolls (D:2)
  An adder (D:2)
  2 dart slugs (D:4)
  3 orcs
  4 ball pythons
  3 bats
  4 endoplasms
  6 giant cockroaches
  11 goblins
  2 hobgoblins (D:3)
  2 jackals (D:2)
  A quokka (D:2)
  A frilled lizard (D:2)
  2 kobolds (D:3)
  6 rats
52 creatures vanquished.

Notes
Turn   | Place    | Note
-------+----------+-------------------------------------------
     0 | D:1      | Bravepunisher the Spriggan Monk began the quest for the
                  | Orb.
     0 | D:1      | Reached XP level 1. HP: 11/11 MP: 2/2
    54 | D:1      | Found a faded altar of an unknown god.
   337 | D:5      | Entered Level 5 of the Dungeon
   389 | D:5      | Noticed a jelly
   401 | D:5      | Noticed an iguana
   402 | D:5      | Noticed an ice beast
   410 | D:5      | Noticed a scorpion
   433 | D:4      | Reached XP level 2. HP: 9/16 MP: 3/3
   541 | D:4      | Found a burning altar of Makhleb.
   551 | D:4      | Became a worshipper of Makhleb the Destroyer
   551 | D:4      | Reached * piety under Makhleb
   551 | D:4      | Reached ** piety under Makhleb
   719 | D:1      | Reached skill level 1 in Invocations
   811 | D:1      | Reached XP level 3. HP: 13/20 MP: 4/4
   987 | D:1      | You fall into a shaft and drop 1 floor!
  1733 | D:2      | Reached XP level 4. HP: 21/24 MP: 6/6
  2009 | D:2      | Reached skill level 5 in Dodging
  2035 | D:2      | Found Gaesymmi's Antique Weapon Boutique.
  2186 | D:3      | Found Wybeala's Distillery.
  2642 | D:3      | HP: 1/24 [orc priest/divine providence (17)]
  2651 | D:3      | Slain by an orc priest

Illustrated notes

Levels and vault maps discovered:
D:1:      nicolae_arrival_somewhat_less_tricky_arrival, layout_basic,
          hellmonk_ecumenical_altar_zigzags, roderic_serpentine_path,
          minmay_misc_feat_rugged, st_stairs_7, hangedman_decor_push
D:2:      layout_basic, serial_shops, nicolae_shop_crystal
D:3:      layout_basic, serial_shops, shop
D:4:      layout_rooms, mainiacjoe_overflow_boulevard
D:5:      layout_rooms, mainiacjoe_overflow_24_doors,
          minmay_temple_entry_statues, corexii_leaking_fountain,
          minmay_crystal_room

Skill      XL: |  1  2  3  4 |
---------------+-------------+-----
Invocations    | 1 2 |  2.5
Fighting       | 3 |  3.3
Dodging        | 5 |  5.0
Short Blades   | |  3.2

Action                     |  1- 3 |  4- 6 || total
---------------------------+-------+-------++-------
  Melee: Short sword       |    48 |    16 ||    64
 Invoke: Minor Destruction |    40 |    44 ||    84
    Use: Scroll            |     2 |       ||     2
         Potion            |     1 |     3 ||     4
 Armour: Robe              |    11 |     5 ||    16
  Dodge: Dodged            |    40 |    23 ||    63
